 Dungeon Crawl Stone Soup version 0.29.0-11-gd7f09526c8 (webtiles) character file.

Game seed: 8337678285933988305

58 Flugkiller the Covered (level 3, -5/33 HPs)
             Began as a Minotaur Fighter on Sept 4, 2022.
             Slain by Sigmund
             ... wielding a +0 scythe
              (9 damage)
             ... on level 2 of the Dungeon.
             The game lasted 00:00:29 (1246 turns).

Flugkiller the Covered (Minotaur Fighter)           Turns: 1246, Time: 00:00:30

Health: -5/33      AC:  7    Str: 20    XL:     3   Next: 76%
Magic:  2/2        EV:  9    Int:  5    God:
Gold:   99         SH:  4    Dex: 11    Spells: 2/2 levels left

rFire   . . .      SeeInvis .   a - +0 war axe
rCold   . . .      Faith    .   c - +0 buckler
rNeg    . . .      Spirit   .   b - +0 scale mail
rPois   .          Reflect  .   (helmet restricted)
rElec   .          Harm     .   (no cloak)
rCorr   .          Rampage  .   (no gloves)
Will    .....                   (no boots)
Stlth   ..........              (no amulet)
HPRegen 0.11/turn               (no ring)
MPRegen 0.08/turn               (no ring)

@: no status effects
A: horns 2, retaliatory headbutt
a: no special abilities


You were on level 2 of the Dungeon.
You visited 1 branch of the dungeon, and saw 2 of its levels.

You collected 99 gold pieces.

Inventory:

Hand Weapons
 a - a +0 war axe (weapon)
Armour
 b - a +0 scale mail (worn)
 c - a +0 buckler (worn)
Scrolls
 e - a scroll of amnesia {unknown}
 f - 2 scrolls of fear
 h - a scroll of teleportation {unknown}
 j - 3 scrolls of identify {unknown}
Potions
 d - a potion of might
 g - a potion of curing {unknown}
 i - 3 potions of heal wounds {unknown}
 k - a potion of brilliance {unknown}


   Skills:
 + Level 4.2 Fighting
 * Level 3.9 Axes
 + Level 4.2 Armour
 - Level 3.6 Shields


You had 2 spell levels left.
You didn't know any spells.
Your spell library was empty.

Dungeon Overview and Level Annotations

Branches:
Dungeon (2/15)

Altars:

Annotations:
D:2 Sigmund


Innate Abilities, Weirdness & Mutations

You have a pair of horns on your head.
You reflexively headbutt those who attack you in melee.


Message History

a hobgoblin corpse; an adder corpse
Found a stone staircase leading down.
A kobold comes into view. It is wielding a +0 club.
A kobold is nearby!
A kobold is nearby!
A frilled lizard comes into view.
The kobold shouts!
The frilled lizard hisses angrily.
A dart slug comes into view.
The kobold closely misses you.
The dart slug moves out of view.
You closely miss the kobold. You headbutt the kobold.
You kill the kobold!
No target in view!
No target in view!
No target in view!
No target in view!
No target in view!
No target in view!
No target in view!
An adder comes into view.
Found a dagger.
The adder hisses angrily.
Things that are here:
a +0 club; a black potion; 2 scrolls labelled LAQELE TUM EDY
There are monsters nearby!
There are monsters nearby!
You closely miss the adder. You block the adder's attack.
You hit the adder but do no damage. Your headbutt misses the adder.
The adder barely misses you. The adder bites you but does no damage.
You closely miss the adder. You block the adder's attack.
The adder bites you but does no damage. The frilled lizard closely misses you.
You closely miss the adder. You hit the frilled lizard.
The adder barely misses you. The frilled lizard barely misses you.
The adder bites you.
You miss the frilled lizard.
The frilled lizard is severely wounded.
You hit the adder. The adder bites you.
You are poisoned.
The adder poisons you!
The frilled lizard bites you but does no damage.
You hit the frilled lizard.
You kill the frilled lizard!
You slash the adder!
You kill the adder!
You feel sick. The dart slug launches a dart at you. The slug dart misses you.
You feel sick. The dart slug barely misses you. You furiously retaliate!
You headbutt the dart slug!
You kill the dart slug!
You see here an adder corpse.
No target in view!
No target in view!
No target in view!
You feel sick.
You feel sick.
You are no longer poisoned.
HP restored.
k - a black potion
j - 3 scrolls labelled LAQELE TUM EDY (gained 2)
You see here a +0 club.
No target in view!
You see here an adder corpse.
Sigmund the Dreaded comes into view.
He is wielding a +0 scythe.
Sigmund shouts!
Sigmund points at you and mumbles some strange words.
The puff of flame hits you.
Sigmund is nearby!
Sigmund points at you and mumbles some strange words.
The magic dart hits you but does no damage.
A kobold comes into view. It is wielding a +0 dagger.
Sigmund gestures wildly while chanting.
Sigmund flickers and vanishes!
Deactivating autopickup; reactivate with Ctrl-A.
You hear some strange, mumbled words.
A puff of flame appears from out of thin air!
The puff of flame hits you. Something hits you but does no damage.
You closely miss something. Something hits you.
You completely miss the kobold. You miss something.
The kobold barely misses you. x2; You block something's attack.
You hit the kobold.
The kobold is moderately wounded.
You closely miss something. The kobold hits you but does no damage.
You barely miss the kobold. Your headbutt misses the kobold.
The kobold is moderately wounded.
You barely miss something. Something hits you.
The kobold hits you with a +0 dagger.
You hit the kobold but do no damage.
The kobold is moderately wounded.
You barely miss something. Something hits you!
The kobold hits you but does no damage. The kobold barely misses you.
You slash something! Your headbutt misses something.
You closely miss the kobold. Something hits you.
* * * LOW HITPOINT WARNING * * *
The kobold hits you but does no damage.
You are too injured to fight recklessly!
You closely miss something. Your headbutt misses something. You hit the kobold.
You kill the kobold!
Something hits you!
You die...

######### ........#
........#
........#########..
............)......
...........@{....#
...)....##########
........#
........##
.........#
.........#
#...####†#
###....#)#
#####.#†######


There were no monsters in sight!

Vanquished Creatures
  2 adders (D:2)
  2 dart slugs
  7 ball pythons (D:1)
  An endoplasm (D:1)
  2 giant cockroaches (D:1)
  2 hobgoblins
  7 kobolds
  3 quokkas (D:1)
  5 frilled lizards
  2 goblins (D:1)
  4 rats
37 creatures vanquished.

Notes
Turn   | Place    | Note
-------+----------+-------------------------------------------
     0 | D:1      | Flugkiller the Minotaur Fighter began the quest for the
                  | Orb.
     0 | D:1      | Reached XP level 1. HP: 19/19 MP: 0/0
   359 | D:1      | Reached XP level 2. HP: 27/27 MP: 1/1
   658 | D:1      | Reached XP level 3. HP: 33/33 MP: 2/2
  1235 | D:2      | Noticed Sigmund
  1246 | D:2      | Slain by Sigmund

Illustrated notes

Levels and vault maps discovered:
D:1:      heliophobic_arrival_dark_side_of_the_moon, layout_basic
D:2:      layout_rooms, uniq_sigmund

Skill      XL: |  1  2 |
---------------+-------+-----
Axes           | 3 |  3.9
Fighting       | 4 |  4.2
Armour         | 4 |  4.2
Shields        | |  3.6

Action                   || total
-------------------------++-------
Melee: War axe           ||    65
       Headbutt          ||     2
  Use: Scroll            ||     1
Armor: Scale mail        ||    32
Dodge: Dodged            ||    36
Block: Buckler           ||    15
